[Event "American Cup Blitz 2025"]
[Site "Saint Louis"]
[Date "2025.03.24"]
[Round "1.3"]
[White "Caruana, Fabiano"]
[Black "Krush, Irina"]
[Result "1-0"]
[Annotator "TA"]
[ECO "C00"]
[WhiteElo "2783"]
[BlackElo "2378"]
[PlyCount "70"]
[EventDate "2025.03.02"]
[EventType "k.o."]
[EventCountry "USA"]
[SourceTitle "playchess.com"]
[Source "ChessBase"]
[SourceQuality "1"]
[TimeControl "180+2"]

1. e4 c5 2. Nf3 e6 3. d3 Nc6 4. g3 d5 5. Qe2 Nf6 6. Bg2 Be7 7. O-O O-O 8. e5 Nd7 9. c4 Re8 {[%emt 0:00:28] Recently 9...a6 got a lot of attention.} 10. Bf4 $5 {[%emt 0:00:02][%mdl 4] Leaves trodden paths. C00: French: Unusual White 2nd moves.} Nf8 11. h4 b6 12. Nc3 $146 {[%emt 0:00:06] The position is equal.} (12. h5 Bb7 13. Nc3 a6 14. Rad1 b5 15. a3 Nd4 16. Nxd4 cxd4 17. Nb1 Qd7 18. cxb5 axb5 {1-0 Bologan,V (2574)-Karas,M (2287) Speed Chess GP4 blitz 2021 (6)}) 12... Bb7 13. Rad1 d4 14. Nb1 h6 15. h5 Nh7 16. Nbd2 Rb8 17. g4 a6 18. Ne4 b5 19. Nfd2 Na5 20. b3 bxc4 21. bxc4 Ba8 22. Rb1 {[%emt 0:00:03] Inhibits Rb2.} Qc7 (22... Rxb1 $14 23. Rxb1 Bc6) 23. Nd6 $16 Red8 24. N2e4 {[%emt 0:00:05][%csl Od6] Strong Square White (d6)} Ng5 25. Bg3 {[%emt 0:00:41] White is much more active.} Nxe4 26. Nxe4 (26. Rxb8 {simplifies} Rxb8 27. Nxe4 Qb6 28. f4) 26... Rxb1 27. Rxb1 Rb8 28. Rxb8+ Qxb8 29. Qd2 $2 (29. Qc2 $14) 29... Qb4 $2 (29... Nxc4 $19 30. Qd1 Nxe5 31. Nxc5 Bxg2 (31... Bxc5 32. Bxe5 Qd8 33. Bc7 $17)) 30. Qf4 $2 (30. Qc2 $14 {keeps the upper hand.}) 30... Qb1+ $17 31. Bf1 $2 {[%emt 0:00:16][%mdl 8192] [#]} (31. Kh2 $17 {was the crucial defense.} Qxd3 (31... Qxa2 $2 {too greedy.} 32. Nf6+ gxf6 33. exf6 $18) 32. Nd6 Bxd6 33. exd6 Bxg2 34. Kxg2 (34. d7 $2 Qf1 $19)) 31... Nxc4 $3 $19 32. Nf6+ (32. dxc4 Bxe4) 32... gxf6 33. exf6 Bf8 {[%emt 0:00:03] ( -> ...e5)} (33... Qb7 $2 34. f3 Bd6 (34... Bf8 35. dxc4 Qxf3 36. Qxf3 $17) 35. Qxh6 $17) 34. dxc4 {[%emt 0:00:03] [#]} Qe4 $2 (34... Qd1 $1 $19 35. f3 Bxf3 (35... Qxf3 36. Qxf3 Bxf3 37. Kf2 $17)) 35. Qxe4 $14 Bxe4 {Weighted Error Value: White=0.66/Black=0.38  Loses game:     	White=2     	---        Missed win:     	---       	Black=2      Mistake:       	White=1     	Black=1      Inaccurate:     	White=2     	Black=1      OK:         	White=8     	Black=6      Best:        	White=2     	Black=2      Brilliant:      	---       	Black=1} 1-0

[Event "American Cup Blitz 2025"]
[Site "Saint Louis"]
[Date "2025.03.24"]
[Round "3.3"]
[White "Caruana, Fabiano"]
[Black "Aryan Chopra"]
[Result "0-1"]
[Annotator "TA"]
[ECO "C41"]
[WhiteElo "2783"]
[BlackElo "2620"]
[PlyCount "94"]
[EventDate "2025.03.02"]
[EventType "k.o."]
[EventCountry "USA"]
[SourceTitle "playchess.com"]
[Source "ChessBase"]
[SourceQuality "1"]
[TimeControl "180+2"]

1. e4 d6 2. d4 Nf6 3. Nc3 e5 4. Nf3 Nbd7 5. Bc4 Be7 6. O-O O-O 7. a4 c6 8. Re1 h6 9. h3 Re8 10. Be3 {[%emt 0:00:01] C41: Philidor Defence.} exd4 11. Nxd4 (11. Qxd4 {with more complications.} Bf8 12. Rad1 Qa5 13. Bf4) 11... Bf8 12. Bd3 $146 {[%emt 0:00:02] White has an edge.} (12. Bf4 Nc5 13. Qf3 Ne6 14. Bxe6 Bxe6 15. Rad1 Qa5 16. Bxh6 gxh6 17. Qxf6 Bg7 18. Qf4 {0-1 Bortnyk,O (2604)-Sanal,V (2595) Titled Tuesday intern op 11th Oct Late blitz 2022 (5)}) 12... Nc5 13. Qf3 a5 14. Nf5 Nxd3 15. cxd3 {[%emt 0:00:02] A sharp opening} d5 16. Bd4 {[%emt 0:01:34][%cal Of5h6] Hoping for Nxh6+!.} dxe4 {[%emt 0:01:32] [#]} (16... Bxf5 {simplifies} 17. Qxf5 dxe4 18. Bxf6 Qxf6 19. Qxf6 gxf6 20. dxe4 Bb4) 17. Nxh6+ $1 {[%emt 0:00:01] A dynamic duo of knights.} Kh7 (17... gxh6 18. Qxf6) 18. dxe4 (18. Bxf6 Qxf6 (18... gxf6 19. Nxe4 Rxe4 20. Nxf7 $18) 19. Ng4 (19. Rxe4 $2 Qxf3 20. Rxe8 Qf4 $19) (19. Qxf6 $2 gxf6 20. Ng4 Bxg4 $19) 19... Qxf3 (19... exf3 $2 20. Nxf6+ gxf6 21. Rxe8 $18) 20. gxf3 Bxg4 21. hxg4 exd3 $17 (21... exf3 22. Re3 $17)) (18. Nxe4 $11 {and White has nothing to worry.} Nxe4 (18... Qxd4 $2 19. Nxf6+ gxf6 20. Rxe8 $18) (18... Kxh6 $2 19. Bxf6 Qc7 20. Qe3+ Kg6 21. Qg5+ Kh7 22. Re3 $18) 19. Nxf7 Qxd4 20. dxe4) 18... Qxd4 19. Nxf7 Kg8 20. Ng5 {[%emt 0:00:05] This move loses the game for White.} (20. e5 $17) 20... Qe5 $19 21. h4 Bg4 22. Qd3 Rad8 23. Qc4+ Be6 24. Qe2 (24. Nxe6 $142 Rxe6 (24... Qxe6 $2 25. Qxe6+ Rxe6 26. e5 $19) 25. Rad1 Rxd1 26. Rxd1) 24... Bc5 {[%emt 0:00:05] Black is clearly winning.} 25. Nf3 Qf4 26. e5 Ng4 27. Ne4 {[%emt 0:00:01] [#]} Bd5 $1 28. g3 (28. Qd2 Qxd2) 28... Qxe4 29. Qxe4 Bxe4 ({Not} 29... Bxf2+ 30. Kg2 Nxe5 (30... Bxe4 31. Rxe4 Nf6 32. Rc4 $15) 31. Qxe5 Bxe1 32. Rxe1 $19) 30. Rxe4 Nxf2 (30... Bxf2+ 31. Kg2 Nxe5 (31... Nf6 32. Rc4 $11) 32. Rxe5 Rxe5 33. Nxe5 $17) 31. Rc4 Nd3+ 32. Kg2 Bb4 ({Stronger than} 32... Nxb2 33. Rxc5 Rd3 34. Ng5 $11 (34. Rxa5 Nc4 $11)) 33. Re4 Nxb2 34. Kh3 Nd3 35. Kg2 {[%emt 0:00:04] Inhibits Nf2.} Nc5 36. Re2 Ne6 37. Rh1 Rd5 38. h5 Nd4 39. Nxd4 Rxd4 40. h6 gxh6 41. Rxh6 Bf8 42. Rh5 Bg7 43. e6 Rd5 44. Rh4 Re5 45. Rb2 Re7 46. Rg4 R5xe6 {[%emt 0:00:01] ...Re2+ is the strong threat.} 47. Rd2 Re2+ {[%emt 0:00:01] Weighted Error Value: White=0.64/Black=0.38  Loses game:     	White=2     	---        Mistake:       	White=1     	---        Inaccurate:     	White=2     	Black=2      OK:         	White=6     	Black=14     Best:        	---       	Black=1      Brilliant:      	White=1     	---} 0-1

[Event "American Cup Blitz 2025"]
[Site "Saint Louis"]
[Date "2025.03.24"]
[Round "5.4"]
[White "Caruana, Fabiano"]
[Black "Nyzhnyk, Illya"]
[Result "1-0"]
[Annotator "TA"]
[ECO "C47"]
[WhiteElo "2783"]
[BlackElo "2569"]
[PlyCount "75"]
[EventDate "2025.03.02"]
[EventType "k.o."]
[EventCountry "USA"]
[SourceTitle "playchess.com"]
[Source "ChessBase"]
[SourceQuality "1"]
[TimeControl "180+2"]

1. e4 e5 2. Nf3 Nf6 3. Nc3 Nc6 4. h3 d5 5. exd5 Nxd5 6. Bb5 {[%emt 0:00:01] C47: Scotch Four Knights and Four Knights with 4 g3.} Nxc3 7. bxc3 Bd6 8. O-O {[%emt 0:00:02][%cal Of3e5] The position is equal.} O-O 9. d4 exd4 10. cxd4 h6 11. Re1 Qf6 12. c4 a6 $146 (12... Bb4 13. Re3 Bf5 14. Bb2 a6 15. Bxc6 bxc6 16. Qe2 Bd6 17. d5 Qg6 18. Ne5 Bxe5 19. Bxe5 {1-0 Erigaisi,A (2778)-Lintchevski,D (2524) Titled Tuesday intern op 13th Aug Early blitz 2024 (5)}) 13. Ba4 Na5 (13... Be6 $11) 14. Bc2 $16 (14. c5 Bxc5 15. dxc5 Qxa1 $14) 14... Bf5 {[%emt 0:00:33] Wards off Qd3} 15. c5 Bxc2 16. Qxc2 Bf4 17. Bb2 Qg6 18. Qxg6 fxg6 19. d5 Nc4 {[%emt 0:00:12] [#]} 20. Bc3 Rad8 21. Rad1 Rf7 {[%emt 0:00:12] Inhibits Re7.} 22. Rd3 b5 23. Re6 g5 {[%emt 0:00:08] [#]} 24. Rxa6 {[%emt 0:00:16] White is more active.} ({White should try} 24. g3 $1 $16 Be3 25. Rexe3 (25. Rdxe3 Nxe3 26. Rxe3 Rxd5 $16) 25... Nxe3 26. Rxe3) 24... Rfd7 $2 {[%emt 0:00:01] This move loses the game for Black.} ({Black should play} 24... Rf5 $1 $14) 25. g3 $18 Rxd5 (25... Bc1 {keeps fighting.} 26. d6 cxd6) 26. Rxd5 Rxd5 27. gxf4 Rd3 28. Be5 (28. Ra8+ Kh7 $16) 28... Rxf3 29. Bxc7 Rxh3 {[%emt 0:00:12][%mdl 4096] Endgame KRB-KRN} 30. c6 {[%emt 0:00:05][%cal Bc5c6,Bc6c7][%mdl 32] Black must now prevent Bd8.} Rc3 $2 (30... Kf7 31. fxg5 hxg5) 31. fxg5 {[%emt 0:00:01] White is clearly winning.} Kf7 32. Bg3 Nd2 (32... Rc1+ $142 33. Kg2 Rc2) 33. c7 Ne4 34. g6+ Ke7 35. Be5 Rc1+ 36. Kg2 Kd7 37. Ra8 Rxc7 38. Bxc7 {[%emt 0:00:01] Weighted Error Value: White=0.14 (very precise) /Black=0.69  Loses game:     	---       	Black=1      Mistake:       	White=1     	Black=3      Inaccurate:     	White=1     	Black=1      OK:         	White=14    	Black=6      Best:        	White=1     	Black=5} 1-0

[Event "American Cup Blitz 2025"]
[Site "Saint Louis"]
[Date "2025.03.24"]
[Round "7.2"]
[White "Caruana, Fabiano"]
[Black "Robson, Ray"]
[Result "1-0"]
[Annotator "TA"]
[ECO "A20"]
[WhiteElo "2783"]
[BlackElo "2689"]
[PlyCount "85"]
[EventDate "2025.03.02"]
[EventType "k.o."]
[EventCountry "USA"]
[SourceTitle "playchess.com"]
[Source "ChessBase"]
[SourceQuality "1"]
[TimeControl "180+2"]

1. c4 e5 2. d3 Nf6 3. Nf3 Nc6 4. a3 d5 5. cxd5 Nxd5 6. e3 {[%emt 0:00:01] A20: English Opening: 1...e5.} g6 7. b4 Bg7 {[%emt 0:00:05][%cal Oe5e4] With the idea ...e4!.} 8. Bb2 {[%emt 0:00:02] The position is equal.} Qe7 9. Nbd2 O-O 10. Qc2 $146 (10. Rc1 Rd8 11. Qc2 a5 12. b5 Na7 13. e4 Nf4 14. a4 Bg4 15. g3 Bxf3 16. Nxf3 {1-0 Nakamura,H (2768)-Xiong,J (2690) Saint Louis Blitz 2022 (18)}) 10... a5 11. b5 Na7 12. Nc4 f6 {[%emt 0:00:17] [#]} (12... Nxb5 $11 13. Ncxe5 a4) 13. e4 $1 $16 Nf4 14. a4 Rd8 15. Nxa5 Bf8 16. g3 Bg4 $2 (16... Ne6 $16) 17. Nd2 $18 Nh3 18. Nxb7 Rdc8 19. f3 Be6 20. Na5 Rab8 21. d4 c6 22. b6 (22. bxc6 exd4 23. Bxd4 Rb4 $18) (22. Nxc6 $6 Nxc6 23. bxc6 Qb4) (22. dxe5 cxb5 23. Qd1 (23. exf6 $2 Qb4 $19) 23... bxa4 $17) 22... Rxb6 23. Nac4 Rb4 24. Ba3 exd4 25. f4 c5 26. Bxb4 cxb4 27. Bd3 (27. f5 Bxf5 28. g4 Bxg4 $17) (27. Qd3 $18) 27... Nc6 $2 (27... Kh8 $11) 28. Qd1 $2 ({White must play} 28. Nb6 $18 Rc7 29. Bc4) 28... b3 {[%emt 0:00:02] [#]} 29. Qxb3 (29. Nxb3 $2 f5 30. Nbd2 Nb4 $17) ({White should try} 29. Kf1 $11) 29... Nb4 (29... Na5 $15 30. Qb5 (30. Nxa5 $2 Bxb3 31. Naxb3 Rc3 $19) 30... Rc5) 30. Kf1 $11 {[%emt 0:00:01] Kg2 is the strong threat.} f5 {[%emt 0:00:05][%cal Oh3f4] Threatens to win with ...Nxf4!.} 31. Kg2 $2 (31. Re1 $11 Nxf4 32. gxf4) 31... Nxd3 $2 (31... fxe4 $17 {and life is bright.} 32. Bxe4 Bxc4) 32. Qxd3 $18 Bxc4 $2 (32... g5 33. Rhe1 (33. Kxh3 $2 fxe4+ 34. f5 exd3 $19) (33. exf5 Bd5+ 34. Kxh3 g4+ 35. Kxg4 Qg7+ 36. Kh3 Qh6+ 37. Kg4 Bg2 $11) (33. Qxd4 gxf4 34. Kxh3 fxe4+ 35. Kg2 Rd8 $14) 33... Qf6 34. exf5 (34. Kxh3 $2 fxe4+ 35. Kg2 exd3 $19) 34... Bxf5) 33. Nxc4 fxe4 34. Qxd4 Rd8 {[%emt 0:00:03] Against Qd5+} (34... Qe6 $142) 35. Qe5 Qb7 36. Qe6+ Kg7 37. Kxh3 (37. Qxh3 $2 e3+ 38. Kg1 Bc5 $19) 37... Rd5 38. Ne5 (38. Qxe4 $2 {loses.} Rh5+ 39. Kg4 Qxe4 $19) 38... e3 39. Rab1 {[%emt 0:00:01] White mates.} Qa8 40. Qf7+ Kh8 41. Rhd1 Rxd1 42. Rxd1 e2 43. Re1 {[%emt 0:00:03] Weighted Error Value: White=0.40/Black=1.07  Loses game:     	---       	Black=2      Missed win:     	White=1     	---        Mistake:       	White=3     	Black=5      Inaccurate:     	White=2     	Black=4      OK:         	White=11    	Black=9      Best:        	White=1     	Black=1      Strong:       	White=1     	---} 1-0

[Event "American Cup Blitz 2025"]
[Site "Saint Louis"]
[Date "2025.03.24"]
[Round "9.4"]
[White "Caruana, Fabiano"]
[Black "So, Wesley"]
[Result "1-0"]
[Annotator "TA"]
[ECO "C47"]
[WhiteElo "2783"]
[BlackElo "2748"]
[PlyCount "149"]
[EventDate "2025.03.02"]
[EventType "k.o."]
[EventCountry "USA"]
[SourceTitle "playchess.com"]
[Source "ChessBase"]
[SourceQuality "1"]
[TimeControl "180+2"]

1. e4 e5 2. Nf3 Nc6 3. Nc3 (3. Bb5 Nf6 4. d3 Bc5 5. c3 O-O 6. O-O d5 7. exd5 Qxd5 8. Bc4 Qd8 9. b4 Bd6 10. Bg5 e4 11. dxe4 h6 12. Bxf6 Qxf6 13. Qc2 Ne5 14. Nbd2 Nxf3+ 15. Nxf3 Bg4 16. Nd4 Bxb4 17. h3 Bh5 18. f4 Bg6 19. Qb3 Bc5 {½-½ Caruana,F (2783)-So,W (2748) Champions Showdown Kings rapid 2025 (2.3)}) 3... Nf6 4. h3 Bb4 5. Bd3 d6 6. a3 {[%emt 0:00:08] C47: Scotch Four Knights and Four Knights with 4 g3.} Bc5 7. b4 Bb6 8. O-O $5 {[%emt 0:00:17][%mdl 4] The position is equal. An interesting side line.} O-O 9. Na4 d5 (9... Ne7 10. Re1 Bd7 11. Nxb6 axb6 12. Bb2 Ng6) 10. exd5 Qxd5 {[%emt 0:00:01] ...e4 would now be deadly.} 11. Re1 Bd4 12. Nxd4 {[%emt 0:00:16] A sharp opening} Nxd4 13. Bb2 (13. Nc3 Qd6 14. Nb5 Nxb5 15. Bxb5 e4 16. Bb2) 13... Re8 $146 (13... Bxh3 $5 14. gxh3 Nf3+ 15. Kf1 Nh2+ 16. Kg1 Nf3+ $11) (13... Bxh3 14. f3 Bd7 15. Nc5 Rfe8 16. c4 Qd6 17. Re3 b6 18. Nb3 c5 19. Rb1 Ba4 {1-0 Martinez Alcantara,J (2606)-Costello,A (2262) Titled Tuesday intern op 11th Mar Late blitz 2025 (1)}) 14. Nc5 (14. Nc3 {simplifies} Qc6 15. Ne4 Bf5 16. Bxd4 exd4 17. Nxf6+ Qxf6 18. Qf3) 14... Bf5 $2 (14... Bxh3 $11 15. gxh3 Nf3+ 16. Kf1 Nh2+ 17. Kg1 Nf3+) 15. c4 $16 Qc6 16. Bxd4 $1 (16. Bxf5 Nxf5 17. Rxe5 (17. Bxe5 Nh4 $16) 17... Nh4 $16) 16... Bxd3 17. Bxe5 (17. Rxe5 Rxe5 18. Bxe5 Bxc4 $16) 17... Bxc4 18. Rc1 Bd5 {[%emt 0:00:24] [#]} 19. Ne4 Qe6 20. Nxf6+ (20. Bxc7 $2 Nxe4 (20... Bxe4 21. d3 $14) 21. d3 Bb3 22. Rxe4 Bxd1 $19) 20... gxf6 21. Bxc7 Qxe1+ 22. Qxe1 {[%emt 0:00:00] Successful Defense White} Rxe1+ 23. Rxe1 {[%emt 0:00:01][%mdl 4096] Endgame KRB-KRB. White is a pawn up.} Rc8 24. Re7 Bc6 25. Bf4 Kg7 {[%emt 0:00:09] [#]} 26. b5 $1 {[%emt 0:00:04] White is more active.} Bxb5 27. Rxb7 a6 28. Be3 Rc1+ 29. Kh2 Ra1 30. Rb6 Rxa3 ({Better is} 30... Rc1 31. Rd6 Ra1) 31. Bd4 h6 (31... Ra2 $16 32. Bxf6+ (32. Rxf6 Kf8 $18) 32... Kf8) 32. Bxf6+ $18 (32. Rxf6 Rd3 33. Be5 (33. Rxa6+ $2 Rxd4 34. Ra2 h5 $19) 33... h5 34. Rxa6+ Kh7) 32... Kh7 33. Bd4 Rd3 34. Be3 Rd5 35. Rxh6+ Kg7 36. Rb6 a5 37. Rb7 a4 38. Ra7 Rd6 39. Ra5 Bd7 40. g4 Rd3 41. Kg3 a3 42. f4 Be6 (42... f5 $16 43. gxf5 Kf6) 43. f5 Bd5 (43... Bc4 {was necessary.} 44. h4 a2) 44. Kf4 a2 45. g5 Rb3 46. h4 (46. Rxd5 Rb4+ (46... a1=Q $2 47. Bd4+ $18) 47. Rd4 a1=Q $11) (46. Bd4+ $142 Kf8 47. Bc3 (47. Rxd5 Rb4 $18)) 46... Rb4+ 47. Kg3 Bc4 $2 (47... Kg8 48. h5 (48. Rxd5 $2 a1=Q $19) 48... Rb5) 48. h5 $2 (48. Bd4+ f6 49. Bxf6+ Kf7 50. h5 Rb3+ 51. Bc3) 48... Rb3 $2 (48... Bd3 49. f6+ (49. Rxa2 Bxf5 50. d4 Rb3 $18) 49... Kh7 50. Rxa2 Rb7) 49. Kf4 (49. Rxa2 Rxe3+ 50. dxe3 Bxa2 $14) (49. h6+ $142 Kh7 50. g6+ (50. Rxa2 Rxe3+ 51. dxe3 Bxa2 $11) 50... fxg6 51. Ra7+ (51. Rxa2 Rxe3+ 52. dxe3 Bxa2 $11) 51... Kh8 52. fxg6 (52. Rxa2 Rxe3+ 53. dxe3 Bxa2 $11)) 49... Rb4 (49... Rd3 $142 50. Ra7 Bb3 51. h6+ Kh7) 50. Bd4+ Kh7 51. g6+ (51. Ra8 $142 f6 52. g6+ (52. Bxf6 $2 Bd5+ 53. Ke3 Bxa8 $19) (52. gxf6 Bf7 $18) (52. Ra7+ Kg8 $18) 52... Kg7 53. Ra7+ Bf7 54. Ke3 (54. Rxf7+ Kh8 $18)) 51... Kh6 (51... fxg6 $18 52. hxg6+ Kh6) 52. Bc3 (52. Ra8 $142 f6 53. Rh8+ (53. Bxf6 $2 Bd5+ 54. Ke3 Bxa8 $19) 53... Kg7 54. h6+ (54. Rh7+ Kf8 $18) (54. Ra8 Bd5 $18) 54... Kxh8 55. Bxf6+ Kg8 56. h7+ Kf8 57. h8=Q+ (57. h8=R+ Bg8+ 58. Kg5 Rb1 $18) 57... Bg8+ 58. Kg5) 52... Rb8 53. g7 Kh7 54. f6 Be6 55. Ke5 Kh6 56. Kd6 Kh7 57. Kc7 Rc8+ 58. Kd6 $2 (58. Kb7 $18 Rc4 59. h6 (59. Rxa2 Bd5+ 60. Kb6 Rc6+ 61. Kb5 Rc7 $18)) 58... Rd8+ $2 (58... Rb8 $11 59. Ra7 Kg8) 59. Ke5 Kh6 60. Ra6 Re8 61. Kd4 {[%emt 0:00:04][%cal Oa6e6] Dodges Bc4} Rd8+ (61... Kh7 $142 62. Kc5 Kg8) 62. Kc5 Rc8+ (62... Bb3 $142 63. Ba1 Kh7) 63. Kd4 $2 (63. Rc6 $18 Rxc6+ 64. Kxc6) 63... Kxh5 $2 (63... Rd8+ $11 64. Kc5 Bb3) 64. Ke3 (64. Rxe6 $142 fxe6 65. f7 Rxc3 66. f8=Q (66. g8=Q a1=Q $16)) 64... Re8 65. Kf4 Kh6 66. Ra4 (66. Rxe6 $142 a1=Q 67. Bxa1 (67. Rxe8 Qf1+ 68. Kg3 Qg1+ 69. Kh3 Qh1+ 70. Kg3 Qg1+ 71. Kh3 Qh1+ 72. Kg3 Qg1+ $11) 67... Rd8 68. Re3 Kh7 69. Kf5 Kg8 70. Be5 Rxd2 71. Bf4) 66... Rd8 67. Ke3 (67. Ra5 $142 {Hoping for Rg5.} Rg8 68. Re5) 67... Kg6 (67... Kg5 $18 68. Ra5+ Kg4) 68. Rh4 Rc8 69. Rh1 (69. Rh8 Rxc3+ 70. dxc3 a1=Q $11) (69. Kf4 $142 Rg8 70. Rh8 Rxg7 71. fxg7 f6 72. g8=Q+ (72. g8=R+ Bxg8 73. Rxg8+ Kf7 $18) 72... Bxg8 73. Rxg8+ Kf7 74. Rd8) 69... Bd5 70. Rg1+ (70. Rh8 $142 Rxc3+ 71. dxc3 a1=Q 72. g8=Q+ (72. g8=R+ $2 {perishes.} Kxf6 73. Kd4 Qa2 $19) 72... Kxf6 73. Rh6+ Ke7 74. Qg5+ Ke8 75. Rh8+ (75. Qxd5 Qxc3+ 76. Ke2 Qb2+ 77. Qd2 Qe5+ 78. Qe3 Qe7 $18) 75... Kd7 76. Qxd5+ Kc7 77. Qxf7+ Kc6 78. Rh6+ Kc5 79. Qc7+ Kb5 80. Qc6+ Ka5 81. Rh5#) 70... Kh7 71. Ba1 (71. Rg4 $142 {White threatens Rh4+ and mate.} Kh6 72. Rh4+ (72. g8=N+ Kh5 $18) (72. g8=Q Rxg8 73. Rxg8 Kh7 $18) 72... Kg5 73. Rh8 Rxc3+ 74. dxc3) 71... Rb8 (71... Re8+ $18 72. Kf2 Kg8) 72. Rg5 {[%emt 0:00:01] White mates.} Be6 73. Rh5+ Kg6 74. Rh8 Rb3+ 75. d3 {[%emt 0:00:01] Weighted Error Value: White=0.68/Black=0.78  Loses game:     	---       	Black=1      Missed win:     	White=1     	---        Mistake:       	White=3     	Black=10     Inaccurate:     	White=2     	Black=5      OK:         	White=21    	Black=15     Best:        	White=5     	Black=3      Strong:       	White=1     	---} 1-0